Unix NetHack Version 5.0.0-0 post-release - last build Jul 14 2026 02:55:29 (1809b74e8187c3a3585e283601c3028b46cbbdcb,branch:main).

Game began 2026-07-16 01:10:51, ended 2026-07-17 21:23:44.

Kwijibo4686, neutral female human Valkyrie

                              -------
                          -----..|..|
                          |.........----------------
                          |...|...-..^......'@a`.%a|
                          |.---%-.....------------||
                          |.......*|.--  |.........|
                          |.----..--.|   |.........|
                          |.......|..|   |.........|
                          |.........-|   |.........|
                          |..|...|00.|   |....<....|
                          |..-----.-.|   |.........|
                          |.0........|   |.........|
                          --.>--------   |.........|
                           ----          -----------

Kwijibo4686 the Fighter     St:16 Dx:13 Co:18 In:10 Wi:8 Ch:10  Neutral
Dlvl:7  $:343 HP:0(77) Pw:16(16) AC:-3 Xp:8 T:6105  Burdened

Latest messages:
 What do you want to wield? [- qtJ or ?*]
 J - a rusty +1 spear (weapon in right hand).
 The soldier ant misses!
 The soldier ant misses!
 The soldier ant bites!
 The soldier ant stings!
 The soldier ant misses!
 The soldier ant stings!
 You kill the soldier ant!
 The giant ant bites!
 The gold golem misses!
 The gold golem misses!
 You hit the gold golem!
 The gold golem misses!
 The gold golem misses!
 The giant ant misses!
 You miss the gold golem.
 The gold golem hits!
 The gold golem hits again!
 The giant ant misses!
 The giant ant misses!
 You hit the gold golem!
 The gold golem hits!
 The gold golem hits again!
 The giant ant bites!
 You hit the gold golem.
 The gold golem misses!
 The gold golem hits!
 The giant ant misses!
 The giant ant bites!
 What do you want to write with? [- bdlmrwxAJQ or ?*]
 You write in the dust with your fingertip.
 The gold golem turns to flee.
 The giant ant turns to flee.
 The giant ant bites!
 The giant ant bites!
 The gold golem hits!
 The gold golem hits again!
 The giant ant misses!
 The giant ant just misses!
 The giant ant bites!
 What do you want to write with? [- bdlmrwxAJQ or ?*]
 You write in the dust with your fingertip.
 The gold golem misses!
 The gold golem hits!
 The giant ant misses!
 You hit the gold golem!
 The giant ant bites!
 You die...
 Do you want your possessions identified? [ynq] (y)

Inventory:
 Coins    ('$')
  $ - 343 gold pieces
 Amulets  ('"')
  Z - a cursed amulet of change
 Weapons  (')')
  J - a rusty +1 spear (weapon in right hand)
 Armor    ('[')
  P - a blessed +0 dwarvish iron helm (being worn)
  g - a cursed -1 pair of leather gloves
  u - a blessed +0 pair of iron shoes (being worn)
  R - a cursed +0 pair of kicking boots
  c - an uncursed +3 small shield (being worn)
  E - an uncursed +0 elven mithril-coat (being worn)
 Comestibles  ('%')
  f - 6 uncursed food rations
  v - an uncursed fortune cookie
  o - an uncursed sprig of wolfsbane
  s - an uncursed tin of szechuan hobbit meat
 Scrolls  ('?')
  i - 2 uncursed scrolls of create monster
  n - 2 uncursed scrolls of earth
  e - an uncursed scroll of identify
  j - an uncursed scroll of light
 Potions  ('!')
  Y - a blessed potion of booze
  k - an uncursed potion of enlightenment
  V - 2 uncursed potions of healing
  h - an uncursed potion of object detection
  X - an uncursed potion of speed
 Rings    ('=')
  l - a cursed -3 ring of gain constitution
  x - an uncursed ring of shock resistance
 Wands    ('/')
  d - a wand of digging (0:5)
  A - a wand of make invisible (0:4)
  m - a wand of polymorph (0:4)
  r - a wand of probing (0:7)
  Q - a wand of speed monster (0:7)
  b - a wand of stasis (0:5)
  w - a wand of undead turning (0:4)
 Tools    ('(')
  a - an uncursed bag of holding containing 15 items
  p - an uncursed blindfold
  q - a +0 grappling hook
  L - an uncursed lock pick
  t - a +0 pick-axe
  O - an uncursed skeleton key

Contents of the bag of holding:
  5 gold pieces
  2 uncursed slime molds
  an uncursed lembas wafer
  an uncursed lichen corpse
  an uncursed scroll of teleportation
  a cursed scroll of teleportation
  a blessed scroll of confuse monster
  a potion of unholy water
  2 uncursed potions of see invisible
  an uncursed potion of levitation
  an uncursed potion of polymorph
  an uncursed potion of extra healing
  an uncursed potion of healing
  an uncursed potion of speed
  an uncursed ring of levitation

Kwijibo4686 the Valkyrie's attributes:

Background:
 You were a Fighter, a level 8 human Valkyrie.
 You were neutral, on a mission for Odin
 who was opposed by Tyr (lawful) and Loki (chaotic).
 You were right-handed.
 You were in Sokoban, on level 7.
 You entered the dungeon 6105 turns ago.
 There was a new moon in effect when your adventure ended.
 You had 2277 experience points, 283 more were needed to attain level 9.

Basics:
 You had 0 out of 77 hit points.
 You had all 16 energy points (spell power).
 Your armor class was -3.
 Your wallet contained 343 zorkmids, and
 you had 5 more stashed away in your pack.
 Autopickup was on for '$?!/="' plus thrown.

Final Characteristics:
 Your strength was 16 (peak:18, limit:18/100).
 Your dexterity was 13 (limit:18).
 Your constitution was 18 (limit:18).
 Your intelligence was 10 (limit:18).
 Your wisdom was 8 (limit:18).
 Your charisma was 10 (limit:18).

Final Status:
 You weren't hungry.
 You were burdened; movement was slightly slowed.
 You were wielding a spear.
 You had expert skill with spear.

Final Attributes:
 You were piously aligned.
 You were cold resistant.
 You were telepathic.
 You were stealthy.
 You were guarded.
 You were fast.
 You are dead.

Miscellaneous:
 You didn't encounter any bones levels.
 Total elapsed playing time was 56 minutes and 10 seconds.

Major events:
 Turn
    1: Kwijibo4686 the neutral human Valkyrie entered the dungeon
  865: attained the rank of Skirmisher (level 3)
 1477: entered the Gnomish Mines
 2233: reached Mine Town
 2263: attained the rank of Fighter (level 6)
 4902: entered Sokoban
 5211: completed 1st Sokoban level
 6033: completed 2nd Sokoban level
 6105: killed by a giant ant

You didn't know any spells.

Skills:
 Fighting Skills
   bare handed combat [Unskilled]
   two weapon combat  [Unskilled]
   riding             [Unskilled]
 Weapon Skills
   dagger             [Basic]
   axe                [Unskilled]
   pick-axe           [Basic]
   short sword        [Unskilled]
   broadsword         [Unskilled]
   long sword         [Unskilled]
   two-handed sword   [Unskilled]
   saber              [Unskilled]
   hammer             [Unskilled]
   quarterstaff       [Unskilled]
   polearms           [Unskilled]
   spear              [Expert]
   trident            [Unskilled]
   lance              [Unskilled]
   sling              [Unskilled]
 Spellcasting Skills
   attack spells      [Unskilled]
   escape spells      [Unskilled]

Voluntary challenges:
 Character rerolling was not enabled.
 You never genocided any monsters.
 You never polymorphed an object.
 You never changed form.
 You used no wishes.
 You violated the special Sokoban rules once.
Achievements:
 You attained the rank of Skirmisher.
 You entered the Gnomish Mines.
 You entered Minetown.
 You attained the rank of Fighter.
 You entered a temple.
 You entered a shop.
 You entered Sokoban.

 The Dungeons of Doom: levels 1 to 9
    Level 1:
       A fountain.
    Level 2: "v"
       An altar.
    Level 3:
       A fountain.
    Level 4:
       A fountain.
       Stairs down to The Gnomish Mines.
    Level 5:
    Level 6:
       Many fountains.
    Level 7:
       An altar to Odin, a fountain.
    Level 8:
       Many fountains.
    Level 9: "v"
       A fountain, a tree.
       Stairs up to Sokoban, level 8.
 The Gnomish Mines: levels 5 to 9
    Level 5:
    Level 6:
    Level 7:
       Many shops, a temple and an altar to Odin, some fountains.
    Level 8:
    Level 9: "black dragon!"
 Sokoban: levels 8 up to 7
    Level 7: <- You were here.
       Solved.
       Final resting place for
          you, killed by a giant ant.
    Level 8:
       Solved.


Vanquished creatures:
  a stalker
  3 wargs
  a large dog
  a tiger
  a tengu
  a pit viper
  a giant beetle
  3 quivering blobs
  a giant spider
  a vampire bat
  a gnome ruler
 an orc mummy
  a yeti
  a gold golem
  2 dingoes
  2 housecats
  a dwarf leader
  a blue jelly
  2 snakes
  a human zombie
  a soldier ant
  7 fog clouds
  2 violet fungi
 10 gnome leaders
  5 gnomish wizards
  a gray ooze
  5 elf zombies
  7 giant ants
  2 little dogs
  a floating eye
 11 dwarves
  a homunculus
  2 kobold shamans
  3 hill orcs
  2 rothes
  a werejackal
  3 iguanas
 an acid blob
  2 gas spores
  a cave spider
  2 yellow molds
  a green mold
 34 gnomes
  4 geckos
  5 jackals
  a fox
  2 kobolds
  3 goblins
  8 grid bugs
  5 lichens
  5 newts
165 creatures vanquished.

No species were genocided or became extinct.

Game over:
                       ----------
                      /          \
                     /    REST    \
                    /      IN      \
                   /     PEACE      \
                  /                  \
                  |   Kwijibo4686    |
                  |      348 Au      |
                  |   killed by a    |
                  |    giant ant     |
                  |                  |
                  |                  |
                  |       2026       |
                 *|     *  *  *      | *
        _________)/\\_//(\/(/\)/\//\/|_)_______

Farvel Kwijibo4686 the Valkyrie...

You died in Sokoban on dungeon level 7 with 9832 points,
and 348 pieces of gold, after 6105 moves.
You were level 8 with a maximum of 77 hit points when you died.

